Map: 뉴커크 재개발 지구 - 토너먼트 (공허의 유산)

Players

ByuN - Winner!

  • Race: Terran Terran
  • Spawn Location: 7:00

HeRoMaRinE

  • Race: Terran Terran
  • Spawn Location: 5:00

Event: IEM XI Katowice - World Championship 2017

VOD

Have the link to the VOD?

Description

Time

  • Played on: March 2, 2017, 5:33 a.m.
  • Length: 11:57

All games in this series

Show
View Real Time Build Order
Export as new Build Order

ByuN Terran - Winner!

Build Orders: Cyclone Opening, Reaper Expand, MMM Bio 

Get SALT Encoding   

  12  0:01  SCV  
  13  0:13  SCV  
  14  0:17  Supply Depot  
  14  0:25  SCV  
  15  0:29  Refinery  
  15  0:39  SCV  
  16  0:45  Barracks  
  16  0:51  SCV  
  17  1:03  SCV  
  18  1:15  SCV  
  19  1:31  Reaper, Orbital Command  
  20  1:45  Command Center  
  20  1:54  Factory  
  20  1:58  SCV  
  21  2:04  Refinery  
  21  2:06  Barracks Reactor  
  21  2:10  SCV  
  22  2:15  Supply Depot  
  22  2:24  SCV  
  23  2:37  SCV  
  23  2:38  Cyclone  
  27  2:46  Marine x2  
  27  2:49  SCV  
  30  2:58  Starport  
  30  3:04  SCV, Orbital Command  
  31  3:07  Marine x2  
  33  3:17  Cyclone  
  33  3:18  SCV  
  37  3:26  Marine x2  
  38  3:30  SCV x2  
  40  3:35  Medivac  
  40  3:38  Supply Depot  
  42  3:42  SCV  
  42  3:43  SCV  
  42  3:45  Marine  
  42  3:46  Marine  
  46  3:52  Factory Tech Lab  
  46  3:56  Supply Depot  
  46  4:00  SCV x2  
  48  4:08  Viking  
  51  4:12  Marine x2, SCV x2  
  54  4:18  Siege Tank  
  54  4:19  Supply Depot  
  57  4:24  SCV x2  
  57  4:30  Marine x2  
  61  4:36  SCV  
  62  4:38  SCV  
  62  4:41  Starport Reactor  
  62  4:46  Supply Depot  
  62  4:48  SCV  
  62  4:50  SCV  
  62  4:52  Barracks  
  64  4:55  Barracks  
  64  4:56  Barracks Tech Lab  
  64  5:00  Refinery, SCV  
  64  5:02  Engineering Bay  
  64  5:03  SCV  
  64  5:04  Supply Depot  
  66  5:13  SCV  
  64  5:15  SCV  
  64  5:16  Marine  
  64  5:17  Stimpack, Siege Tank  
  69  5:24  Refinery  
  69  5:25  SCV  
  69  5:27  SCV  
  71  5:31  Terran Infantry Weapons Level 1  
  71  5:34  Marine  
  72  5:37  SCV  
  72  5:39  Marine x2, SCV  
  76  5:43  Barracks Tech Lab  
  76  5:46  Supply Depot  
  76  5:49  SCV  
  77  5:51  Marine, SCV  
  77  5:53  Medivac x2  
  83  5:57  Marine x2  
  83  6:00  Barracks  
  83  6:01  SCV  
  83  6:02  Combat Shields, Barracks  
  86  6:07  SCV  
  86  6:09  Supply Depot, Marine  
  86  6:10  Marine  
  89  6:15  Marine x2  
  89  6:18  Siege Tank  
  94  6:30  Marine x2  
  94  6:31  Supply Depot x2, Medivac  
  98  6:33  Marine x2, Medivac  
  98  6:36  Supply Depot  
  102  6:47  Supply Depot  
  102  6:50  Barracks Reactor x2  
  102  6:52  Marine x4  
  106  6:55  Supply Depot  
  106  6:59  Supply Depot  
  106  7:10  Marine x4  
  106  7:12  Siege Tank  
  113  7:19  Medivac x2  
  117  7:25  Terran Infantry Armor Level 1  
  117  7:28  Marine x4  
  121  7:30  Marine x2  
  121  7:31  Marine  
  121  7:33  Marine  
  102  7:45  Marine x4  
  102  7:48  Marine x3  
  102  7:50  Marine  
  110  8:00  Siege Tank  
  110  8:03  Marine x4  
  117  8:06  Marine x3  
  117  8:10  Marine  
  121  8:21  Marine x4  
  121  8:24  Marine x3  
  122  8:28  Marine  
  122  8:33  SCV x2  
  112  8:36  Medivac  
  112  8:38  Medivac  
  112  8:39  Marine x4  
  117  8:42  Marine  
  117  8:45  SCV x2  
  118  8:49  Marine x3  
  121  8:57  Marine  
  121  8:58  Marine  
  121  9:02  Marine  
  106  9:04  Marine  
  106  9:06  Marine x2, Medivac  
  106  9:07  Marine x2  
  106  9:08  Siege Tank  
  108  9:14  Marine  
  108  9:16  Marine  
  107  9:17  SCV x2  
  107  9:20  Marine  
  107  9:22  Marine  
  107  9:23  Marine  
  112  9:24  Marine  
  112  9:25  Marine x2  
  112  9:29  SCV x2  
  117  9:32  Marine  
  117  9:34  Marine  
  117  9:37  Marine  
  120  9:40  Marine  
  120  9:41  Marine, SCV  
  120  9:42  Marine x2  
  122  9:46  Marine  
  122  9:50  Marine  
  122  9:52  Marine  
  121  9:55  Marine  
  121  9:57  Marine  
  110  10:12  Marine x6  
  121  10:14  Siege Tank  
  121  10:19  Marine x2  
  105  10:30  Marine x6  
  105  10:32  Viking  
  109  10:36  Viking  
  109  10:37  Marine x2  
  110  10:48  Marine x5, Orbital Command  
  110  10:49  Marine  
  116  10:54  Marine  
  116  10:55  Marine  
  116  11:05  Marine  
  116  11:06  Marine x2  
  116  11:10  Marine  
  120  11:14  Marine x3  
  123  11:18  SCV x2  
  124  11:28  Marine  
  124  11:29  Marine  
  124  11:31  Marine  
  124  11:32  Marine x2  
  121  11:34  Marine  
  121  11:38  Marine x2  
Show
View Real Time Build Order
Export as new Build Order

HeRoMaRinE Terran 

Build Orders: Cyclone Opening, Reaper Expand, Bio Tank 

Get SALT Encoding   

  12  0:00  SCV  
  13  0:12  SCV  
  14  0:19  Supply Depot  
  14  0:25  SCV  
  15  0:30  Refinery  
  15  0:40  SCV  
  16  0:45  Barracks  
  16  0:52  SCV  
  17  1:04  SCV  
  18  1:16  SCV  
  19  1:33  Reaper, Orbital Command  
  20  1:45  Command Center  
  20  1:55  Factory  
  20  1:59  SCV  
  21  2:06  Refinery  
  21  2:08  Barracks Reactor  
  21  2:11  SCV  
  22  2:16  Supply Depot  
  22  2:23  SCV  
  23  2:37  SCV  
  23  2:40  Cyclone  
  27  2:46  Marine x2  
  27  2:49  SCV  
  29  3:02  Starport  
  29  3:03  SCV  
  29  3:04  Marine  
  31  3:14  Factory Tech Lab  
  31  3:16  Marine, SCV  
  31  3:17  Orbital Command  
  33  3:24  Marine  
  34  3:28  SCV  
  34  3:34  Marine  
  35  3:40  Factory Tech Lab, SCV  
  37  3:44  SCV  
  37  3:45  Raven  
  40  3:49  Supply Depot  
  40  3:53  SCV  
  40  3:54  Marine x2  
  43  3:56  SCV  
  43  4:02  Supply Depot  
  44  4:05  SCV  
  44  4:08  SCV  
  45  4:11  Siege Tank  
  45  4:13  Marine x2  
  50  4:17  SCV  
  50  4:20  SCV  
  52  4:24  Supply Depot  
  52  4:29  SCV  
  53  4:32  SCV  
  53  4:37  Starport Reactor  
  54  4:40  Barracks  
  54  4:41  SCV  
  54  4:42  Barracks  
  54  4:44  Stimpack, SCV  
  54  4:45  Marine  
  57  4:54  SCV  
  57  4:56  SCV  
  59  5:01  Engineering Bay  
  59  5:03  Siege Tank, Refinery  
  59  5:04  Marine  
  59  5:05  Refinery  
  59  5:06  SCV  
  63  5:08  SCV  
  62  5:18  SCV  
  62  5:20  SCV  
  61  5:26  Starport Reactor  
  61  5:27  Supply Depot x2, Terran Infantry Weapons Level 1  
  61  5:30  Marine x3, SCV  
  61  5:35  Marine x2  
  68  5:42  Siege Tank  
  70  5:45  Supply Depot  
  70  5:48  Marine x2, SCV  
  73  5:50  Marine  
  73  5:53  Marine  
  75  5:59  Marine  
  75  6:02  Medivac  
  75  6:03  Medivac  
  80  6:05  Supply Depot  
  80  6:06  Marine  
  80  6:08  Marine x2  
  80  6:09  Supply Depot  
  80  6:10  Marine  
  84  6:16  Marine  
  85  6:23  Command Center  
  85  6:24  Marine  
  86  6:25  Marine  
  86  6:27  Marine  
  86  6:28  Marine  
  89  6:32  Medivac  
  89  6:33  Medivac  
  89  6:34  Marine, Siege Tank  
  96  6:41  Marine  
  96  6:43  Marine  
  96  6:45  Marine  
  99  6:48  Marine  
  99  6:52  Marine, Combat Shields  
  101  6:59  Marine  
  102  7:01  Marine  
  102  7:03  Marine  
  102  7:06  Marine  
  102  7:07  Supply Depot, Siege Tank  
  102  7:08  Supply Depot  
  108  7:11  Medivac  
  110  7:22  Terran Infantry Armor Level 1, Marine  
  110  7:26  Marine  
  110  7:28  Marine x3  
  113  7:30  Supply Depot  
  113  7:32  Supply Depot  
  110  7:40  Marine  
  110  7:44  Marine  
  103  7:46  Marine, Siege Tank, Medivac  
  103  7:47  Medivac  
  103  7:49  Marine  
  112  7:53  Marine  
  112  7:56  Orbital Command  
  112  7:58  Marine  
  114  8:01  Marine  
  115  8:07  Marine x2  
  115  8:11  Marine  
  118  8:15  Marine  
  118  8:18  Siege Tank  
  118  8:19  Marine, SCV x2  
  125  8:25  Marine x2  
  122  8:28  Marine  
  122  8:33  Marine  
  107  8:37  Marine, Medivac  
  107  8:40  Medivac  
  108  8:43  Marine x2  
  108  8:46  Marine  
  110  8:51  Marine  
  110  8:53  Siege Tank  
  110  8:55  Marine  
  115  9:01  Marine x2  
  99  9:04  Marine  
  99  9:09  Marine  
  98  9:13  Liberator x2, Marine  
  94  9:17  Orbital Command  
  94  9:18  Marine  
  94  9:19  Marine  
  94  9:21  Barracks x2  
  94  9:22  Marine  
  97  9:25  Siege Tank  
  97  9:27  Marine  
  97  9:30  Marine  
  108  9:36  Marine x2  
  110  9:40  Marine  
  110  9:44  Marine  
  112  9:47  SCV  
  112  9:48  Marine, SCV  
  113  9:54  Marine x2  
  113  9:57  Siege Tank  
  112  10:00  Marine  
  112  10:02  Marine  
  112  10:06  Marine  
  93  10:08  Marine  
  93  10:09  Marine  
  93  10:12  Marine x2  
  97  10:17  Marine  
  97  10:20  Marine  
  96  10:24  Marine  
  96  10:26  Marine  
  96  10:27  Marine  
  94  10:29  Siege Tank  
  94  10:30  Marine x2  
  94  10:35  Marine  
  99  10:38  Marine  
  99  10:42  Marine  
  102  10:52  Marine  
  102  10:53  Supply Depot  
  101  11:00  Marine x3  
  94  11:12  Supply Depot x2  
  94  11:15  Marine x4, Medivac x2  
  102  11:25  Marine x2  
  102  11:26  SCV  
  102  11:28  SCV  
  95  11:33  Marine x3  
  95  11:38  SCV  
  98  11:40  SCV  

Tags
 
Add a new tag
Caveats
  • Supply blocks, unpowered buildings, or Contaminate may cause inaccurate times.
  • Supply counts are checked every 10 seconds.